[Event "Early-Titled-Tuesday-Blitz-October-10-2023"]
[Site "Chess.com"]
[Date "2023.10.10"]
[Round "3"]
[White "DrVelja"]
[Black "mr_gustavo"]
[Result "1-0"]
[WhiteElo "2848"]
[BlackElo "2623"]
[TimeControl "180+1"]
[EndTime "8:29:16 PDT"]
[Termination "DrVelja won on time"]

1. e4 c6 2. d4 d5 3. Nd2 dxe4 4. Nxe4 Nf6 5. Ng3 h5 6. Bc4 h4 7. Nf1 h3 8. g3 Nbd7 9. Nf3 Nb6 10. Bb3 Nbd5 11. Ne5 Be6 12. Bg5 Nc7 13. Ne3 Bxb3 14. axb3 Ne6 15. Bxf6 exf6 16. Nf3 Bd6 17. d5 cxd5 18.
Qxd5 Qc7 19. O-O O-O 20. Qf5 Bc5 21. Nd5 Qc6 22. Rad1 Rad8 23. c4 Nc7 24. b4 Bd6 25.
Nxf6+ gxf6 26. Rd4 Rfe8 27. Qxf6 Be5 28. Qxc6 bxc6 29. Rxd8 Rxd8 30. Nxe5 Rd2 31. Nf3 Rxb2 32. Ng5 Rxb4 33. Ra1 a5 34. Nxh3 a4 35. Nf4 Rxc4 36. Nd3 Nb5 37. Nb2 Rc2 38. Nxa4 c5 39. Rb1 Nd4 40.
Rf1 Kg7 41. Kg2 c4 42. Rd1 Nf5 43. Kf3 Ra2 44. Nc3 Ra3 45. Rc1 Nd4+ 46. Ke4 Nb3 47. Rc2 Ra1 48. Kd5 Na5 49. Ra2 Rxa2 50. Nxa2 Kg6 51. Nc3 Kf5 52. f3 f6 53. Ne4 Kg6 54.
Kd4 f5 55. Nd2 Nb3+ 56. Nxb3 cxb3 57. Kc3 f4 58. Kxb3 Kg5 59. Kc4 Kf5 60. Kd4 Kg5 61.
Ke4 fxg3 62. hxg3 1-0

[Event "Early-Titled-Tuesday-Blitz-October-10-2023"]
[Site "Chess.com"]
[Date "2023.10.10"]
[Round "3"]
[White "Dedic8"]
[Black "deribas12345"]
[Result "1-0"]
[WhiteElo "2837"]
[BlackElo "2600"]
[TimeControl "180+1"]
[EndTime "8:29:18 PDT"]
[Termination "Dedic8 won on time"]

1. d4 Nf6 2. c4 d6 3. Nc3 Bf5 4. g3 e5 5. dxe5 dxe5 6. Qxd8+ Kxd8 7. Nf3 Nbd7 8. Bg5 c6 9. h4 Kc7 10. h5 h6 11. Bxf6 Nxf6 12. Nxe5 Re8 13. Nxf7 Rg8 14. f4 Nd7 15. O-O-O Be6 16. Bh3 Bxh3 17. Rxh3 Bb4 18. a3 Bxc3 19. bxc3 Re7 20. Nd6 Rxe2 21. g4 Rf2 22.
Nf5 Nc5 23. Re3 Nb3+ 24. Kb1 Nd2+ 25. Kc1 Nxc4 26. Re7+ Kb6 27. Rdd7 Kc5 28. Rxb7 Rd8 29. Red7 Re8 30. Re7 Rd8 31. Nd4 Rxd4 32. cxd4+ Kxd4 33. Rb3 Rxf4 34. Rxg7 Rf1+ 35. Kc2 Rf2+ 36. Kd1 Ne3+ 37.
Ke1 Rh2 38. Rd7+ Nd5 39. Rd6 Kc4 40. Rg3 Rh1+ 41. Kf2 Rh2+ 42. Kg1 Ra2 43. Rxc6+ Kd4 44. Rxh6 Ke4 45. Rg2 Ra1+ 46. Kh2 Nf4 47. Rf2 Ke3 48. Rxf4 Kxf4 49. Rg6 Ra2+ 50. Kh3 Rxa3+ 51. Kh4 Ra1 52. Rf6+ Ke5 53. Kg5 a5 54. h6 Rh1 55. Ra6 Ra1 56. h7 Rh1 57. Kg6 Ke4 58. Rxa5 Kf4 59. Rh5 1-0

[Event "Early-Titled-Tuesday-Blitz-October-10-2023"]
[Site "Chess.com"]
[Date "2023.10.10"]
[Round "3"]
[White "FMStan15"]
[Black "wild3000"]
[Result "1-0"]
[WhiteElo "2123"]
[BlackElo "2343"]
[TimeControl "180+1"]
[EndTime "8:29:19 PDT"]
[Termination "FMStan15 won by checkmate"]

1. e4 a6 2. d4 e6 3. Nf3 b5 4.
Bd3 Bb7 5. O-O c5 6. c3 Nf6 7. e5 Nd5 8. a3 d6 9. Qe2 Be7 10. Re1 Nc6 11. dxc5 dxc5 12. Qe4 Qc7 13. Qg4 O-O-O 14.
Qxg7 Rdg8 15. Qxf7 Nd8 16. Qh5 h6 17. Be3 Rg7 18.
Nbd2 Rhg8 19. g3 Nf7 20. Qh3 Qd7 21. Rad1 Ng5 22. Bxg5 hxg5 23. Qg4 Kb8 24. Ne4 c4 25. Bf1 Rf8 26. Bh3 Rg6 27. Nd4 Bc8 28. Nxe6 Qc6 29.
Nd4 Qb7 30. e6 Nf4 31. gxf4 Rxf4 32. Qg3 Ka7 33. Bg2 Bxe6 34. Qe3 Kb8 35. Nd6 Qd7 36. Ne4 Bd5 37. Nf3 Rxe4 38. Qxe4 Bxe4 39. Rxd7 Bxf3 40. Bxf3 Bd6 41. Rd8+ Kc7 42. Rh8 g4 43. Rh7+ Kb6 44. Bg2 Kc5 45. Re4 Rf6 46. Re2 Bf4 47. Rh5+ Kd6 48.
Kf1 a5 49. Ke1 b4 50. Re4 bxc3 51. Rd4+ Ke7 52. bxc3 Re6+ 53. Kd1 Bc1 54. Kxc1 Re1+ 55.
Kc2 Re2+ 56. Kd1 Rxf2 57. Ke1 Rxg2 58. Rh6 g3 59. hxg3 Rxg3 60. Rxc4 Re3+ 61. Kf2 Re5 62. Rc7+ Kd8 63. Ra7 Rf5+ 64. Ke3 Rf8 65. Rhh7 Re8+ 66. Kd4 Kc8 67. Ra8# 1-0

[Event "Early-Titled-Tuesday-Blitz-October-10-2023"]
[Site "Chess.com"]
[Date "2023.10.10"]
[Round "3"]
[White "Aleksandar-Topalov"]
[Black "secrethawk1"]
[Result "0-1"]
[WhiteElo "2388"]
[BlackElo "2236"]
[TimeControl "180+1"]
[EndTime "8:29:21 PDT"]
[Termination "secrethawk1 won by resignation"]

1. b3 Nf6 2. Bb2 d5 3. Nf3 g6 4. c4 c6 5. g3 Bg7 6. Bg2 O-O 7. O-O Bf5 8. d3 a5 9. a3 Na6 10. Nbd2 Nc5 11. Qc2 Ncd7 12. Nd4 Be6 13. Nxe6 fxe6 14. Nf3 Re8 15. Bh3 Nf8 16. b4 axb4 17. axb4 Qd6 18. Qb3 b5 19. cxb5 cxb5 20. Be5 Qb6 21. Bd4 Qb7 22. Ng5 Ra6 23. Rxa6 Qxa6 24. Ra1 Qc6 25. Qb2 Rc8 26. Ra7 h6 27. Nf3 Rc7 28.
Ne5 Qd6 29. Ra8 Kh7 30. Bc5 Rxc5 31. bxc5 Qxc5 32. d4 Qb6 33. Ra1 Ne4 34. e3 Nd6 35. Rb1 Qc7 36. Bf1 Nc4 37. Qxb5 Nd2 38. Rd1 Nxf1 39.
Rxf1 Bxe5 40. dxe5 Qxe5 41. Qe8 Qf6 42. Rc1 Kg7 43.
Rc8 d4 44. exd4 g5 45. Rd8 h5 46. Qc6 h4 47. Qe4 hxg3 48. hxg3 Qh6 49. Qe5+ Kf7 50. Qe4 Qf6 51. Kg2 Ng6 52. Qf3 Nf4+ 53. gxf4 gxf4 54.
Qg4 f3+ 55. Kg3 Qh6 56. Qg8+ Kf6 57. Rf8+ Qxf8 58. Qg5+ Kxg5 59. Kh3 Qh8+ 60. Kg3 Qh4+ 61. Kxf3 Qxd4 62. Kg3 Qf6 63. f4+ Kg6 64. Kg4 e5 65. f5+ Qxf5+ 0-1

[Event "Early-Titled-Tuesday-Blitz-October-10-2023"]
[Site "Chess.com"]
[Date "2023.10.10"]
[Round "3"]
[White "MikaelyanArman"]
[Black "ChessTankMan"]
[Result "1-0"]
[WhiteElo "2821"]
[BlackElo "2512"]
[TimeControl "180+1"]
[EndTime "8:29:24 PDT"]
[Termination "MikaelyanArman won by resignation"]

1. d4 Nf6 2. Nf3 e6 3. c4 d5 4. Nbd2 Be7 5. b3 O-O 6. Bb2 b6 7. e3 Bb7 8. Rc1 Nbd7 9. Be2 a6 10. O-O Rc8 11. Ne5 c5 12. cxd5 exd5 13. Ndf3 Ne4 14.
Nxd7 Qxd7 15. Ne5 Qd6 16. dxc5 bxc5 17. Nd3 Bf6 18. Bxf6 Nxf6 19. Bf3 Rfd8 20. Nf4 h6 21. Rc2 Qb6 22. Rd2 d4 23. Bxb7 Qxb7 24. exd4 Ne4 25. Rd3 Qc7 26. dxc5 Nxc5 27. Rxd8+ Rxd8 28. Qf3 Qe5 29. h3 Rd4 30. Ne2 Rd3 31. Qa8+ Kh7 32. Ng3 Qd4 33.
Kh2 Rd2 34. Qf3 Qe5 35. Rd1 Rxd1 36. Qxd1 g6 37. b4 Ne6 38. Qd3 h5 39. Qe3 Qb8 40. Qe4 Kg7 41. Kg1 Qc7 42. Nf1 Qc1 43. Qe5+ Kh7 44.
h4 Kg8 45. g3 Qd1 46. Kg2 Qd8 47. Ne3 Qa8+ 48. Qd5 Qb8 49. a3 Qc8 50. Nc4 Qc7 51.
Ne5 Qc8 52. Qd7 Qa8+ 53. Kg1 Qf8 54. Nxg6 fxg6 55. Qxe6+ Kh7 56. Qxa6 Qe7 57. Qd3 Qe1+ 58. Kg2 Qe5 59. b5 Qe6 60. a4 Qb6 61. Qd7+ Kh6 62. Qc8 Qb7+ 63. Qxb7 1-0

[Event "Early-Titled-Tuesday-Blitz-October-10-2023"]
[Site "Chess.com"]
[Date "2023.10.10"]
[Round "3"]
[White "kacprekt"]
[Black "RETURNOFTHELAGGER"]
[Result "1/2-1/2"]
[WhiteElo "2478"]
[BlackElo "2665"]
[TimeControl "180+1"]
[EndTime "8:29:24 PDT"]
[Termination "Game drawn - insufficient material"]

1. e4 c5 2. Nf3 d6 3. Bb5+ Nc6 4. O-O Bd7 5. Re1 Nf6 6. c3 a6 7. Bd3 e5 8. Bc2 h6 9. h3 g5 10. d4 cxd4 11. cxd4 g4 12. dxe5 gxf3 13. exf6 Ne5 14. g3 Qxf6 15. Nc3 Rg8 16. Nd5 Qh4 17. Bf4 Qxh3 18. Ne3 Rg5 19. Bxe5 Rh5 20. Qxf3 Qh2+ 21. Kf1 Bb5+ 22. Re2 Qh1+ 23. Qxh1 Rxh1+ 24. Kg2 Rxa1 25. Rd2 dxe5 26. Nd5 O-O-O 27. Nb6+ Kc7 28. Nd5+ Kb8 29. Bb3 Bb4 30. Rc2 Bd3 31. Nxb4 Bxe4+ 32. f3 Bxc2 33. Nxc2 Rd2+ 34. Kh3 Rxc2 35. Bxc2 Rxa2 36.
Bb3 Rxb2 37. Bxf7 Kc7 38. Kg4 Kd6 39. Kf5 Rg2 40. g4 a5 41. Kg6 e4 42. fxe4 Rxg4+ 43. Kf5 Rxe4 44. Kxe4 b5 45. Kd4 a4 46. Be8 a3 47. Kc3 Kc5 48. Kb3 b4 49. Bh5 Kd4 50. Bf7 Kc5 51. Bh5 Kb5 52. Be8+ Ka5 53. Bf7 Kb5 54.
Be8+ Kc5 55. Bf7 h5 56. Bxh5 Kd4 57. Bf7 Kd3 58. Kxb4 Kd2 59. Kxa3 1/2-1/2

[Event "Early-Titled-Tuesday-Blitz-October-10-2023"]
[Site "Chess.com"]
[Date "2023.10.10"]
[Round "3"]
[White "SlavenPastar"]
[Black "Elprofessor21"]
[Result "1/2-1/2"]
[WhiteElo "2568"]
[BlackElo "2776"]
[TimeControl "180+1"]
[EndTime "8:29:25 PDT"]
[Termination "Game drawn - insufficient material"]

1. b3 c5 2. Bb2 Nc6 3. Nf3 Nf6 4. e3 g6 5. Be2 Bg7 6. O-O O-O 7.
c4 d6 8. d4 Bg4 9. d5 Bxf3 10.
Bxf3 Ne5 11. Be2 Ne8 12. Qc2 a6 13. Nd2 Nc7 14. f4 Nd7 15. Bxg7 Kxg7 16. e4 e5 17. dxe6 Nxe6 18. Rad1 Nd4 19. Qd3 Nb8 20. Bf3 Nbc6 21. e5 dxe5 22. Bxc6 Nxc6 23. Ne4 Qd4+ 24. Qxd4 cxd4 25.
fxe5 Rae8 26. Nf6 Re7 27. b4 Rd8 28. b5 axb5 29. cxb5 Nxe5 30. g4 Nc4 31. Rd3 Ne3 32. Rf3 Rd6 33. g5 Re5 34. h4 h6 35. gxh6+ Kxh6 36. Rfxe3 Rxb5 37. Rf3 Rb1+ 38. Kg2 Rb2+ 39. Kg3 Rxa2 40.
Ne8 Rd7 41. Nf6 Rd6 42. Ne4 Rd7 43. Ng5 f5 44. Ne6 Ra4 45. Rf4 Re7 46. Nxd4 Ra1 47. Nf3 b5 48. Rd8 Kg7 49. Rfd4 Raa7 50. Rd3 Rab7 51.
Rb3 b4 52. Rd4 Re4 53. Rxe4 fxe4 54. Ng5 e3 55. Kf3 Kf6 56. Kxe3 Kf5 57. Kd4 Kg4 58. Kc5 Kxh4 59. Ne6 g5 60. Rxb4+ Rxb4 61. Kxb4 g4 62. Kc3 g3 63. Nf4 Kg4 64. Ng2 Kf3 65. Nh4+ Kg4 66. Ng2 Kh3 67. Nf4+ Kh2 68. Kd2 Kh1 69. Ke2 g2 70. Nxg2 1/2-1/2

[Event "Early-Titled-Tuesday-Blitz-October-10-2023"]
[Site "Chess.com"]
[Date "2023.10.10"]
[Round "3"]
[White "Ali_rastbod"]
[Black "Baku_Boulevard"]
[Result "1-0"]
[WhiteElo "2736"]
[BlackElo "3047"]
[TimeControl "180+1"]
[EndTime "8:29:27 PDT"]
[Termination "Ali_rastbod won by resignation"]

1. d4 Nf6 2. Bg5 g6 3. Bxf6 exf6 4. e3 f5 5. g3 Bg7 6. Bg2 d6 7. Ne2 Nd7 8. c4 Nf6 9. Nbc3 h5 10. h4 O-O 11. Qd3 Re8 12. Nf4 c6 13. O-O Ng4 14.
Nh3 Bh6 15. Rae1 Bd7 16. b4 a6 17. a3 Rc8 18. Nd1 b5 19. c5 d5 20. f3 Nf6 21.
Ng5 a5 22. Nf2 axb4 23. axb4 Ra8 24. Ra1 Qe7 25. Rxa8 Rxa8 26. Qc3 Nh7 27. Nxh7 Kxh7 28. f4 f6 29. Nh3 Ra4 30. Kf2 Bc8 31. Ra1 Qa7 32.
Rxa4 bxa4 33. Qa3 Bf8 34. Bf1 Kh6 35. Bd3 Be7 36. Be2 Bd8 37. Bd3 Bc7 38. Ng1 Bb8 39. Nf3 Ba6 40. Ne1 Bb5 41. Bxb5 cxb5 42. Nf3 Qa6 43. Nd2 Qc6 44. Nb1 g5 45. hxg5+ fxg5 46. Nc3 h4 47. fxg5+ Kxg5 48. gxh4+ Kxh4 49. Qa1 Bg3+ 50. Kf3 Bb8 51. Qh1+ Kg5 52. Qg1+ Kf6 53. Qg8 Ke7 54.
Nxd5+ Kd7 55. e4 fxe4+ 56. Kxe4 Bh2 57. Qh7+ Kd8 58. Qh4+ Kd7 59. Qxh2 Qg6+ 60. Ke3 Qg5+ 61. Nf4 a3 62. Qh7+ Kd8 63. Qa7 Qg1+ 64. Ke4 Qh1+ 65.
Ke5 Qh8+ 66. Kd5 Qh1+ 67. Kd6 1-0

[Event "Early-Titled-Tuesday-Blitz-October-10-2023"]
[Site "Chess.com"]
[Date "2023.10.10"]
[Round "3"]
[White "FREDERICKtheMATE"]
[Black "amylazy"]
[Result "1-0"]
[WhiteElo "2590"]
[BlackElo "2397"]
[TimeControl "180+1"]
[EndTime "8:29:33 PDT"]
[Termination "FREDERICKtheMATE won by checkmate"]

1. Nf3 Nf6 2. g3 g6 3. Bg2 Bg7 4. O-O d5 5. c4 d4 6. e3 c5 7. exd4 cxd4 8. d3 O-O 9. Re1 Nc6 10. Nbd2 Re8 11. Rb1 a5 12. a3 e5 13. b4 axb4 14. axb4 Bf5 15. Ne4 Nxe4 16. dxe4 Be6 17. Bf1 Bf8 18.
Bd2 f6 19. Bd3 Ra3 20. Qc2 Qa8 21. c5 Ra2 22. Rb2 Ra3 23. b5 Na5 24. Bb4 Rxd3 25. Qxd3 Nc4 26. Rc2 Qa4 27. Rb1 Qxb5 28. Nd2 Nd6 29.
Qf3 Nf7 30. Qxf6 Qd3 31. Rcb2 Bh6 32. Qf3 Qa6 33. h4 Rf8 34. Qd1 Rc8 35. Qf1 Qc6 36.
Nb3 Qxe4 37. Qg2 Qf5 38. Qxb7 Rd8 39. Qg2 Bd5 40. Qh2 Bf8 41. Nd2 Nh6 42. f3 Qd3 43. Qf2 Nf5 44. Re1 Bg7 45. Nf1 Qb5 46. Ba3 Qc6 47. Rb6 Qc7 48. Bb4 Bc6 49. g4 Ne7 50. Bd2 Nd5 51. Rb2 Rf8 52. Qg3 Nf4 53. Bxf4 Rxf4 54. Nd2 Bf8 55. Ne4 Bxe4 56. Rxe4 Bxc5 57. Rxf4 d3+ 58. Kg2 exf4 59. Qe1 Qd7 60. Qd2 Be3 61.
Rb8+ Kg7 62. Qb2+ Kh6 63. Qf6 d2 64. Rg8 Bc5 65. Qg5# 1-0

[Event "Early-Titled-Tuesday-Blitz-October-10-2023"]
[Site "Chess.com"]
[Date "2023.10.10"]
[Round "3"]
[White "Alenzer"]
[Black "queen_iryna"]
[Result "1-0"]
[WhiteElo "2113"]
[BlackElo "2341"]
[TimeControl "180+1"]
[EndTime "8:29:33 PDT"]
[Termination "Alenzer won by checkmate"]

1. e4 d6 2. d4 Nf6 3. Nc3 e5 4. dxe5 dxe5 5. Qxd8+ Kxd8 6. f3 Bb4 7. Bd2 Be6 8. O-O-O Nbd7 9. a3 Bc5 10. g4 h6 11.
Nge2 c6 12. Ng3 a5 13. Nf5 g6 14. Nxh6 Kc7 15. g5 Nh5 16. h4 b5 17. Bh3 Rhf8 18.
Ng4 Nf4 19. Bxf4 exf4 20. Ne2 Bxg4 21. Bxg4 Ne5 22. Kb1 Be3 23. h5 Rfb8 24. h6 a4 25. c3 Nxg4 26. fxg4 f3 27. Ng3 Bxg5 28. h7 Rh8 29. Rdf1 Rad8 30. Rxf3 f6 31. e5 fxe5 32.
Rf7+ Rd7 33. Rhf1 Rxh7 34. Rxh7 Rxh7 35. Ne4 Be7 36. Rf2 Kd7 37. Kc2 Ke6 38. Nd2 Rh4 39. Rg2 Kd5 40. Nf3 Rh3 41. Ng1 Re3 42. Kd2 Re4 43. g5 Rf4 44. Ne2 Rf5 45. Ke3 Bxg5+ 46. Kd3 Rf3+ 47. Kc2 Rf5 48. Ng3 Rf1 49. Nxf1 Bf4 50.
Rxg6 c5 51. Rg8 Ke4 52. Kd1 Kd3 53. Rd8+ Kc4 54. Re8 Kb3 55. Nd2+ Kxb2 56. c4 bxc4 57. Nxc4+ Kb3 58. Nxe5 Bxe5 59. Rxe5 Kxa3 60. Kc2 c4 61. Rc5 Kb4 62. Rc8 Ka3 63. Rxc4 Ka2 64. Rxa4# 1-0

[Event "Early-Titled-Tuesday-Blitz-October-10-2023"]
[Site "Chess.com"]
[Date "2023.10.10"]
[Round "3"]
[White "esrosenberg"]
[Black "SanchezKelvin"]
[Result "0-1"]
[WhiteElo "2365"]
[BlackElo "2583"]
[TimeControl "180+1"]
[EndTime "8:29:34 PDT"]
[Termination "SanchezKelvin won by resignation"]

1. d4 Nf6 2. Nf3 c5 3. d5 b6 4. Nc3 Bb7 5. e4 d6 6. Bb5+ Nfd7 7. a4 a6 8. Be2 e5 9. dxe6 fxe6 10. O-O Nc6 11. Re1 Be7 12. Bf4 Qc7 13. h3 O-O 14. Bh2 Rf7 15. Qd2 Raf8 16. Rad1 Nde5 17. Nxe5 dxe5 18.
Bc4 Bc8 19. f3 h6 20. Ne2 Rd8 21. Qc1 Bg5 22. Rxd8+ Qxd8 23. Qd1 Be3+ 24. Kf1 Qe8 25. Qd6 Na5 26. b3 b5 27. axb5 axb5 28. Bd3 c4 29. Nc3 Bd4 30. Bxe5 Bxe5 31. Qxe5 cxd3 32. cxd3 b4 33. Qxa5 bxc3 34. Qxc3 Ba6 35. Kf2 Qb5 36. Rd1 e5 37. Kg1 Rd7 38. Kh2 Kh7 39. Rd2 Rd4 40. h4 Qd7 41. Qc5 Qd6 42. Qxd6 Rxd6 43. f4 Rxd3 44.
Rxd3 Bxd3 45. fxe5 Bxe4 46. g4 Kg8 47. Kg3 Kf7 48.
Kf4 Bd5 49. b4 Bc4 50. Kf5 g6+ 51. Ke4 Ke6 52. g5 hxg5 53. hxg5 Bb5 54. Kd4 Ba4 55. Ke4 Be8 56. Kd4 Kf5 57. Kd5 Kxg5 58. Kd6 Kf5 59.
e6 g5 60. Ke7 Bb5 61. Kd6 g4 62. e7 g3 63. Kc5 Be8 64. b5 g2 65. b6 g1=Q+ 66. Kd6 Qxb6+ 67. Kd5 Qc6+ 68. Kd4 Qb5 69. Kc3 Qa4 70. Kd3 Qb4 71. Ke3 Ke5 72. Kf3 Qe4+ 73. Kg3 Qf4+ 74. Kh3 Qg5 75. Kh2 Kf4 76. Kh1 Kf3 0-1

[Event "Early-Titled-Tuesday-Blitz-October-10-2023"]
[Site "Chess.com"]
[Date "2023.10.10"]
[Round "3"]
[White "Savagelittlemole"]
[Black "Xqswdc"]
[Result "1/2-1/2"]
[WhiteElo "2565"]
[BlackElo "2337"]
[TimeControl "180+1"]
[EndTime "8:29:34 PDT"]
[Termination "Game drawn - insufficient material"]

1. e4 g6 2. d4 Bg7 3. h4 h6 4. Be3 d5 5. e5 h5 6. Nh3 Nh6 7. Ng5 Nf5 8. Bd3 Nxe3 9. fxe3 Bg4 10. Qd2 Qd7 11. O-O Rf8 12. Nc3 Nc6 13. Ne2 O-O-O 14. Nxf7 Rde8 15. Bxg6 Rg8 16. Ng5 Ref8 17. Nf4 Kb8 18.
e6 Qd6 19. Bf7 Rh8 20. Ng6 Qg3 21. Qf2 Qd6 22. Nxh8 Bxh8 23. Qf4 Qb4 24. c3 Qxb2 25. Rab1 Qxc3 26. Rfc1 Qd3 27. Rb3 Qa6 28. Nf3 Bf6 29. Ng5 Rc8 30. Qf1 Qa4 31. Qb5 Qxb5 32. Rxb5 Ka8 33.
Rcb1 b6 34. Rc1 Kb7 35. Rb2 Na5 36. Rf2 Nc4 37. Rxf6 exf6 38. e7 Nd6 39. Bg6 c5 40. dxc5 bxc5 41. Rb1+ Kc6 42. Rf1 Kd7 43. Rxf6 Kxe7 44.
Rf4 c4 45. Nf7 Nxf7 46. Rxf7+ Kd6 47. Rxa7 c3 48. Ra6+ Rc6 49. Rxc6+ Kxc6 50. Kf2 Kc5 51. Ke1 Kb4 52. Bc2 Ka3 53. Bb3 Kb2 54. Kf2 c2 55. Bxc2 Kxc2 56. a4 Bc8 57. a5 Kb3 58. Kf3 Kb4 59.
Kf4 Kxa5 60. Ke5 Bb7 61. Kf4 Kb5 62. g4 hxg4 63. Kxg4 Bc8+ 64. Kf4 Kc5 65. h5 Ba6 66. h6 Bd3 67. Ke5 Kc4 68. Ke6 Bh7 69. Ke5 Kc5 70.
Ke6 Be4 71. Ke5 Kc6 72. Ke6 Kc7 73. h7 Bxh7 74. Kxd5 Kd7 75. Ke5 Bg8 76. Kf4 Ke8 77. e4 Ba2 78. e5 Be6 79. Kg5 Ke7 80. Kf4 Bd5 81. e6 Bxe6 1/2-1/2

[Event "Early-Titled-Tuesday-Blitz-October-10-2023"]
[Site "Chess.com"]
[Date "2023.10.10"]
[Round "3"]
[White "zozik"]
[Black "Better_Chess_Faster"]
[Result "1-0"]
[WhiteElo "2341"]
[BlackElo "2061"]
[TimeControl "180+1"]
[EndTime "8:29:36 PDT"]
[Termination "zozik won on time"]

1. d4 f5 2. Bg5 g6 3. Nc3 Bg7 4. e4 fxe4 5. Nxe4 Nf6 6. Bd3 Nxe4 7. Bxe4 c5 8. Nf3 cxd4 9. Nxd4 Nc6 10. Nxc6 bxc6 11.
O-O O-O 12. c4 Qa5 13. h4 e6 14. Be7 Rf7 15. Bd6 Ba6 16. Qc2 Qh5 17. g3 Bf8 18. Rad1 Bxd6 19. Rxd6 Raf8 20. b3 Bc8 21. Bg2 Qg4 22. Qd3 Qf5 23. b4 Qxd3 24. Rxd3 d5 25. cxd5 cxd5 26. f4 Ba6 27. Re3 Bxf1 28. Kxf1 Rb7 29.
Rxe6 Rxb4 30. Bxd5 Kg7 31. Re7+ Kf6 32. Rxa7 Kf5 33.
Bf3 Rc8 34. Rf7+ Ke6 35. Rxh7 Rc1+ 36. Kg2 Rb2+ 37. Kh3 Rc3 38. Bg4+ Kf6 39. Rd7 Rxa2 40. Rd6+ Ke7 41. Re6+ Kf7 42. Re1 Raa3 43. Rg1 Kf6 44. h5 gxh5 45. Bxh5 Ra8 46. Bg4 Rh8+ 47. Kg2 Rc2+ 48.
Kf3 Rb8 49. Bh3 Rb3+ 50. Kg4 Rcc3 51. Kh4 Re3 52. Bg4 Red3 53. Bh5 Rdc3 54. Rg2 Rd3 55. Bg4 Re3 56. Bh3 Rec3 57. Kg4 Rd3 58. Rg1 Re3 59.
Bf1 Rec3 60. Be2 Re3 61. Bc4 Rbc3 62. Bd5 Red3 63. Bb7 Re3 64. Ba6 Rf3 65. Bb5 Rfe3 66. Bd7 Rf3 67. f5 Rfe3 68. Be6 Ra3 69. Kh4 Rec3 70.
Kg4 Ra8 71. Rh1 Rf8 72. Kf4 1-0

[Event "Early-Titled-Tuesday-Blitz-October-10-2023"]
[Site "Chess.com"]
[Date "2023.10.10"]
[Round "3"]
[White "elprimo2012mortis"]
[Black "BardArtem"]
[Result "0-1"]
[WhiteElo "2602"]
[BlackElo "2837"]
[TimeControl "180+1"]
[EndTime "8:29:39 PDT"]
[Termination "BardArtem won by resignation"]

1. e4 e5 2. Bc4 Nf6 3. d3 Nc6 4. Nc3 Na5 5. Nge2 Nxc4 6. dxc4 h6 7. O-O Be7 8. f3 O-O 9. Be3 d6 10. b3 Be6 11. Qd3 Nd7 12. g4 Bg5 13. Bxg5 hxg5 14. Ng3 g6 15. Kg2 Kg7 16. h3 Nc5 17. Qe3 Bd7 18.
Nge2 Rh8 19. Rh1 Ne6 20. Rad1 a5 21. a4 b6 22. Nd5 Bc6 23. Qf2 Rh4 24. Ne3 Qf6 25.
Rh2 Rah8 26. Nd5 Bxd5 27. cxd5 Nf4+ 28. Nxf4 Qxf4 29. Qd2 f5 30. Qxf4 gxf4 31. gxf5 gxf5 32. exf5 Kf6 33. Rdh1 Kxf5 34. Kf2 R8h5 35. Ke2 Rg5 36. Kd3 Rg3 37. Kc4 Rxf3 38. Kb5 e4 39. c4 Rxb3+ 40. Kc6 Rh7 41. h4 f3 42. h5 e3 43. h6 e2 44. Rh5+ Kf4 45. R5h4+ Ke3 46. Rg4 f2 47. Rg3+ Kd2 48. Rxb3 e1=Q 49. Rb2+ Kc3 50.
Rb1 Qe3 51. Ra1 Qc5+ 52. Kb7 Kd3 53. Rh3+ Ke4 54. Rh4+ Kf3 55. Rah1 Ke2 56. Re4+ Kd3 57. Rf4 Qe3 58. Rfh4 Qe2 59. R4h3+ Kd2 60. Ra3 f1=Q 61. Ra2+ Ke3 62. Rxe2+ Qxe2 63. Rh3+ Kd4 64. c5 Kxc5 65.
Rc3+ Kd4 66. Rc6 Qc4 67. Ka7 Qxc6 68. dxc6 Kc5 69. Kb7 Rf7 70. Ka6 Kxc6 71. Ka7 Rh7 72. Kb8 Rxh6 73. Ka7 Rh7 74. Ka6 d5 75. Ka7 d4 76.
Ka6 d3 77. Ka7 d2 78. Ka6 d1=Q 79. Ka7 Qd8 0-1

[Event "Early-Titled-Tuesday-Blitz-October-10-2023"]
[Site "Chess.com"]
[Date "2023.10.10"]
[Round "3"]
[White "Herzog2012"]
[Black "AnaKuchava"]
[Result "1-0"]
[WhiteElo "2497"]
[BlackElo "2244"]
[TimeControl "180+1"]
[EndTime "8:29:40 PDT"]
[Termination "Herzog2012 won by checkmate"]

1. e4 c5 2. Nf3 d6 3. Bb5+ Bd7 4. Bxd7+ Qxd7 5. O-O Nc6 6. c3 Nf6 7. Re1 e6 8. d4 cxd4 9. cxd4 d5 10. e5 Ne4 11. Nbd2 Nxd2 12. Bxd2 Be7 13. Rc1 Rc8 14. a3 a6 15. Qe2 O-O 16. Rc2 Na7 17. Rec1 Rxc2 18. Rxc2 Rc8 19. Qd1 Rxc2 20. Qxc2 Qc6 21.
Qb3 b5 22. g3 Qc4 23. Qe3 Nc6 24. Bc3 a5 25. h4 h6 26. g4 b4 27. axb4 axb4 28.
Be1 b3 29. Qc3 Bb4 30. Qxc4 dxc4 31. Bxb4 Nxb4 32. Nd2 Nc2 33. Nxc4 Nxd4 34. Kg2 Kf8 35. f4 Ke7 36. Kf2 Kd7 37. Ke3 Nc2+ 38. Kd2 Nd4 39. Ke3 Nc2+ 40. Kd3 Ne1+ 41. Ke2 Ng2 42.
Kf3 Nxh4+ 43. Kg3 Ng6 44. Nd2 f6 45. exf6 gxf6 46. Nxb3 e5 47. f5 Nf4 48. Nd2 Nd3 49.
Ne4 Ke7 50. b3 Ne1 51. Kh4 Kf7 52. Kh5 Kg7 53. b4 Nd3 54. b5 Nb4 55. b6 Nc6 56. Nd6 Nb8 57. Ne8+ Kf7 58. Nd6+ Kg7 59. Ne4 Nc6 60.
Nc5 Nb8 61. Ne6+ Kf7 62. Kxh6 e4 63. Kh5 e3 64. Nf4 Nc6 65. b7 Ke7 66. Kg6 Ne5+ 67. Kg7 Nxg4 68. b8=Q e2 69. Qb7+ Kd6 70. Nxe2 Ke5 71.
Qd7 Ne3 72. Qe6# 1-0

[Event "Early-Titled-Tuesday-Blitz-October-10-2023"]
[Site "Chess.com"]
[Date "2023.10.10"]
[Round "3"]
[White "Rodalquilar"]
[Black "Mystery2007"]
[Result "1-0"]
[WhiteElo "2741"]
[BlackElo "2478"]
[TimeControl "180+1"]
[EndTime "8:29:44 PDT"]
[Termination "Rodalquilar won by checkmate"]

1. d4 Nf6 2. Nf3 e6 3. Bf4 d5 4.
e3 Be7 5. h3 O-O 6. Nbd2 b6 7.
a4 c5 8. c3 a5 9. Bb5 Ba6 10.
O-O Bd6 11. Be5 Bxe5 12. Nxe5 Nfd7 13. Nd3 c4 14. Nf4 Qc7 15. Qe2 Bxb5 16. axb5 Nf6 17.
Rfc1 Nbd7 18. b3 cxb3 19. Nxb3 Rfc8 20. Nd2 e5 21. Nd3 Ne4 22. Nxe4 dxe4 23. Nb2 h6 24. c4 Qd6 25. Rd1 exd4 26. exd4 Nf6 27. Na4 Rc7 28. c5 bxc5 29. dxc5 Qe6 30. b6 Rb7 31.
Qb5 Rc8 32. Rd6 Qe5 33. Rad1 e3 34. fxe3 Qxe3+ 35. Kh1 Ne4 36. Rd8+ Rxd8 37. Rxd8+ Kh7 38. Qd3 Qxd3 39. Rxd3 Nf2+ 40. Kg1 Nxd3 41. c6 Nc5 42. c7 Nxa4 43. c8=Q Rxb6 44. Qc2+ g6 45. Qxa4 Re6 46. Qxa5 h5 47. Kf2 Kg7 48. Kg3 Kh7 49. Kf4 Kg7 50.
Qa1+ Kh7 51. Kg5 Kg8 52. Kh6 g5+ 53. Kxg5 Rg6+ 54. Kxh5 Rxg2 55. h4 Rg6 56. Qa8+ Kg7 57. Qa1+ Kg8 58. Qf1 Kg7 59. Qe2 Kg8 60. Qe5 Kh7 61.
Qe8 Kg7 62. Qd8 Kh7 63. Qf8 Rf6 64. Kg5 Rg6+ 65. Kf5 Rg7 66. h5 Rg8 67. Qxf7+ Rg7 68. Qf6 Rd7 69. Qe6 Rg7 70. Qe4 Kh6 71. Kf6 Rg5 72. Qf4 Kxh5 73. Qxg5# 1-0

[Event "Early-Titled-Tuesday-Blitz-October-10-2023"]
[Site "Chess.com"]
[Date "2023.10.10"]
[Round "3"]
[White "noblerone"]
[Black "ukchessbomber"]
[Result "1/2-1/2"]
[WhiteElo "2475"]
[BlackElo "2649"]
[TimeControl "180+1"]
[EndTime "8:29:49 PDT"]
[Termination "Game drawn by repetition"]

1. d4 b5 2. c3 Bb7 3. Qb3 a6 4. a4 e5 5. axb5 exd4 6. cxd4 Nf6 7. Nf3 Bd5 8. Qc2 Bb4+ 9. Bd2 Bxd2+ 10. Nbxd2 axb5 11. Rxa8 Bxa8 12. e3 b4 13. Bc4 O-O 14. O-O c5 15. dxc5 Qc7 16. Rc1 Nc6 17. h3 Bb7 18.
Qb3 Ne5 19. Be2 Bd5 20. Qxb4 Rb8 21. Qc3 Nxf3+ 22. Bxf3 Be6 23. b4 h5 24. Rb1 Rc8 25. Qd4 Qa7 26. Ne4 Nh7 27. Nd6 Rb8 28. b5 Qa2 29. Ra1 Qb3 30. b6 Ng5 31. Be2 Qc2 32.
Bf1 Bxh3 33. Qh4 Qg6 34. Kh2 Bg4 35. Qg3 Kh7 36. Ra7 Ne6 37. f3 Nxc5 38. fxg4 hxg4 39. Qh4+ Kg8 40. b7 Qxd6+ 41. Qg3 Qxg3+ 42. Kxg3 Rxb7 43. Ra8+ Kh7 44. Be2 Rb2 45. Bxg4 Ne4+ 46. Kf3 Nf6 47. Bf5+ g6 48. Bd3 Rd2 49. Be2 Kg7 50. Ra7 Rd5 51. e4 Rd4 52. e5 Ng4 53. Kg3 Nxe5 54. Ra5 Kf6 55. Ra6+ Ke7 56. Ra7 Nc6 57. Rb7 Rd6 58. Kf2 Nd8 59. Rb8 Ne6 60. Rb2 Rd4 61. Bf3 Kf6 62. Re2 Rf4 63. Ra2 Rb4 64. Kg3 Rb3 65. Rf2 Nd4 66. Kh4 Nxf3+ 67. gxf3 Rb4+ 68. Kg3 d5 69. Ra2 d4 70. Kf4 Rb8 71. Ke4 Rd8 72. Rd2 Kg5 73. f4+ Kg4 74. Rg2+ Kh3 75. Rd2 d3 76. Kf3 Rd7 77. Rd1 Kh2 78. Rd2+ Kh1 79. Rd1+ Kh2 80. Rd2+ Kh3 81. Rd1 Kh2 1/2-1/2